[Event "Titled Tuesday Blitz July 11 Late 2023"]
[White "Prieto Aranguren, Alain"]
[Black "Miguelitro69"]
[WhiteFideId "2268906"]
[WhiteElo "2402"]
[BlackElo "2125"]
[Result "0-1"]
[Round "3"]
[TimeControl "180+2"]
[Date "2023.07.11"]
[WhiteClock "0:00:19"]
[BlackClock "0:00:34"]
[Board "179"]

1. e4 c5 2. Nf3 Nc6 3. Bb5 e6 4. O-O Nge7 5. c3 a6 6. Bd3 d5 7. Re1 d4 8. cxd4 cxd4 9. Qa4 Ng6 10. Na3 e5 11. Bc4 Be7 12. d3 O-O 13. Qd1 b5 14. Bd5 Bd7 15. Bd2 Rc8 16. Rc1 Bd6 17. Nc2 Qe7 18. Bg5 Qe8 19. Qd2 Be6 20. Bxe6 Qxe6 21. a3 f6 22. Bh4 f5 23. Ng5 Qd7 24. Na1 Nxh4 25. Qe2 h6 26. Nh3 Qf7 27. g3 Qg6 28. Kh1 fxe4 29. gxh4 exd3 30. Qd2 e4 31. Rg1 Qf5 32. Qxh6 Be5 33. Rxc6 Qf3+ 34. Rg2 Qxg2+ 35. Kxg2 gxh6 36. Rg6+ Kh7 37. Re6 d2 38. f4 d1=Q 39. Rxe5 Qg4+ 40. Kf2 Qxh3 41. Re7+ Kh8 42. Re6 Rxf4+ 43. Ke2 Qg2+ 44. Kd1 Rf1# 0-1


[Site "https://www.chess.com"]

[Event "Titled Tuesday Blitz July 11 Late 2023"]
[White "deloewre"]
[Black "Guzman Moneo, Alberto"]
[BlackFideId "2209616"]
[WhiteElo "2124"]
[BlackElo "2401"]
[Result "0-1"]
[Round "3"]
[TimeControl "180+2"]
[Date "2023.07.11"]
[WhiteClock "0:00:00"]
[BlackClock "0:00:01"]
[Board "180"]

1. c4 e5 2. Nc3 Bb4 3. Nd5 Bc5 4. b4 Be7 5. Bb2 c6 6. Ne3 Bxb4 7. Bxe5 Nf6 8. Nf3 O-O 9. g3 Re8 10. Bg2 Ne4 11. Bb2 d6 12. O-O Be6 13. d3 Nf6 14. Qb3 Qb6 15. Bxf6 gxf6 16. Qb2 f5 17. Qf6 Qd8 18. Qh6 Qe7 19. Ng5 f6 20. Nxe6 Qxe6 21. Bh3 Bc5 22. Bxf5 Qf7 23. Ng4 Bd4 24. e3 Bxa1 25. Rxa1 Rf8 26. Nxf6+ Kh8 27. Bxh7 Qg7 28. Qh5 Rxf6 29. Be4+ Kg8 30. Rb1 b6 31. f4 Kf8 32. g4 Rh6 33. Qf5+ Ke7 34. g5 Re6 35. h4 Nd7 36. h5 Rf8 37. Qg4 Nc5 0-1


[Site "https://www.chess.com"]

[Event "Titled Tuesday Blitz July 11 Late 2023"]
[White "Toktomushev, Teimur"]
[Black "Winkels, Marcel"]
[WhiteFideId "14176726"]
[BlackFideId "1003887"]
[WhiteElo "2394"]
[BlackElo "2118"]
[Result "1-0"]
[Round "3"]
[TimeControl "180+2"]
[Date "2023.07.11"]
[WhiteClock "0:01:20"]
[BlackClock "0:01:06"]
[Board "181"]

1. d4 Nf6 2. c4 c5 3. d5 b5 4. cxb5 a6 5. bxa6 g6 6. Nc3 d6 7. a7 Rxa7 8. e4 Bg7 9. Nf3 O-O 10. Be2 e6 11. O-O exd5 12. exd5 Na6 13. Bf4 Nc7 14. a4 Nh5 15. Bg5 f6 16. Bc1 f5 17. Ng5 Re8 18. Bxh5 gxh5 19. Qxh5 h6 20. Nf7 Qf6 21. Nxh6+ Kf8 22. Bg5 1-0


[Site "https://www.chess.com"]

[Event "Titled Tuesday Blitz July 11 Late 2023"]
[White "campochess"]
[Black "dodoucb"]
[WhiteElo "2114"]
[BlackElo "2391"]
[Result "0-1"]
[Round "3"]
[TimeControl "180+2"]
[Date "2023.07.11"]
[WhiteClock "0:00:37"]
[BlackClock "0:00:13"]
[Board "182"]

1. Nc3 d5 2. d4 Nf6 3. Bf4 e6 4. Nb5 Na6 5. Nf3 c6 6. Nc3 Bd6 7. e3 Nc7 8. a4 O-O 9. Be2 Bxf4 10. exf4 Nce8 11. O-O Nd6 12. Ne5 Nde4 13. Na2 a5 14. f3 Nd6 15. b3 Qb6 16. Kh1 Nf5 17. Bd3 Ne3 18. Qd2 Nxf1 19. Bxf1 c5 20. dxc5 Qxc5 21. c4 b6 22. Rc1 d4 23. Bd3 Bb7 24. Re1 Rfd8 25. Nc1 g6 26. f5 exf5 27. Qg5 Kg7 28. h4 Re8 29. f4 h6 30. Qg3 Nh5 31. Qh2 f6 32. Nf3 Bxf3 33. Rxe8 Rxe8 34. gxf3 Re1+ 35. Kg2 Rxc1 0-1


[Site "https://www.chess.com"]

[Event "Titled Tuesday Blitz July 11 Late 2023"]
[White "Hartikainen, Jarmo"]
[Black "Cooklev, Steven"]
[WhiteFideId "503134"]
[BlackFideId "2050552"]
[WhiteElo "2111"]
[BlackElo "2389"]
[Result "0-1"]
[Round "3"]
[TimeControl "180+2"]
[Date "2023.07.11"]
[WhiteClock "0:00:03"]
[BlackClock "0:00:40"]
[Board "183"]

1. e4 c5 2. c3 Nf6 3. e5 Nd5 4. d4 cxd4 5. Nf3 d6 6. cxd4 Nc6 7. Nc3 dxe5 8. dxe5 Nxc3 9. Qxd8+ Nxd8 10. bxc3 Bd7 11. Be3 g6 12. Be2 Bg7 13. O-O Nc6 14. Bd4 O-O 15. a4 Nxd4 16. cxd4 Bc6 17. Rfd1 Rad8 18. a5 a6 19. Rac1 e6 20. h3 Rd7 21. Rc5 Rfd8 22. Rb1 Bf8 23. Rc2 Be4 0-1


[Site "https://www.chess.com"]

[Event "Titled Tuesday Blitz July 11 Late 2023"]
[White "Castella Garcia, Fausto"]
[Black "Semenova, Alina"]
[WhiteFideId "3501922"]
[BlackFideId "24113875"]
[WhiteElo "2386"]
[BlackElo "2056"]
[Result "1-0"]
[Round "3"]
[TimeControl "180+2"]
[Date "2023.07.11"]
[WhiteClock "0:00:12"]
[BlackClock "0:00:03"]
[Board "184"]

1. e4 e5 2. Nf3 Nf6 3. d4 Nxe4 4. Bd3 d5 5. Nxe5 Nd7 6. Nxd7 Bxd7 7. O-O Bd6 8. c4 c6 9. Nc3 Nxc3 10. bxc3 O-O 11. Qh5 g6 12. Qh6 Re8 13. Bg5 Qc7 14. Bf6 Bf8 15. Qh4 Bg7 16. Rae1 Be6 17. Re5 dxc4 18. Bb1 b5 19. Rfe1 a5 20. f4 Bxf6 21. Qxf6 Qd8 22. Rxe6 Rxe6 23. Rxe6 fxe6 24. Qxe6+ Kg7 25. Qxc6 Rb8 26. h4 Rb6 27. Qe4 Qd6 28. h5 Qe6 29. Qe5+ Qxe5 30. fxe5 gxh5 31. Kf2 b4 32. cxb4 axb4 33. d5 h6 34. Ke3 b3 35. Kd4 bxa2 36. Bxa2 Rb2 37. Bxc4 Rxg2 38. d6 Kf8 39. e6 Rg4+ 40. Kc5 Rg5+ 41. Bd5 Rg4 42. e7+ Ke8 43. Bc6+ Kf7 44. e8=Q+ Kf6 45. Qe7+ Kg6 46. Be8+ Kf5 47. Bd7+ Kf4 48. Bxg4 1-0


[Site "https://www.chess.com"]

[Event "Titled Tuesday Blitz July 11 Late 2023"]
[White "Milovic, Aleksandra"]
[Black "ArturoCaceres"]
[WhiteFideId "933988"]
[WhiteElo "2027"]
[BlackElo "2377"]
[Result "1-0"]
[Round "3"]
[TimeControl "180+2"]
[Date "2023.07.11"]
[WhiteClock "0:01:04"]
[BlackClock "0:01:06"]
[Board "185"]

1. d4 Nf6 2. c4 e6 3. Nf3 b6 4. g3 Bb7 5. Bg2 Bb4+ 6. Bd2 Qe7 7. O-O O-O 8. a3 Bxd2 9. Nbxd2 d6 10. Qc2 Nbd7 11. e4 c5 12. d5 Ne5 13. Nxe5 dxe5 14. Rfe1 Rfd8 15. Nf3 Nd7 16. Rad1 exd5 17. exd5 Qd6 18. Qf5 Re8 19. Ng5 Nf6 20. Ne4 Nxe4 21. Bxe4 g6 22. Qg5 Kg7 23. Bg2 h6 24. Qd2 f5 25. Qc3 Kh7 26. Rd2 Rac8 27. Rde2 e4 28. f3 f4 29. fxe4 fxg3 30. Qxg3 Qxg3 31. hxg3 Re5 32. Rf1 Rc7 33. Ref2 Kg7 34. Rf6 Bc8 35. Rd6 Rd7 36. Rff6 Rxd6 37. Rxd6 Bg4 38. Rc6 Re7 39. Kf2 Bd7 40. Rc7 Kf6 41. Rxa7 Ke5 42. Ke3 h5 43. Bh3 Kd6 44. Rxd7+ Rxd7 45. Bxd7 Kxd7 46. Kf4 Ke7 47. Kg5 1-0


[Site "https://www.chess.com"]

[Event "Titled Tuesday Blitz July 11 Late 2023"]
[White "Villuendas Valero, Adrian"]
[Black "Blackwhite017"]
[WhiteFideId "2262460"]
[WhiteElo "2373"]
[BlackElo "2007"]
[Result "1-0"]
[Round "3"]
[TimeControl "180+2"]
[Date "2023.07.11"]
[WhiteClock "0:00:26"]
[BlackClock "0:00:00"]
[Board "186"]

1. e4 c5 2. Nf3 d6 3. c4 Nf6 4. Nc3 g6 5. d4 cxd4 6. Nxd4 Bg7 7. Be3 O-O 8. Be2 Bd7 9. f3 Nc6 10. O-O a5 11. b3 Nxd4 12. Bxd4 Bc6 13. Nd5 Bxd5 14. exd5 Nd7 15. Bxg7 Kxg7 16. Qd4+ Kg8 17. Bd3 Qb6 18. Qxb6 Nxb6 19. a3 e5 20. dxe6 fxe6 21. Rfe1 Rfe8 22. Be4 d5 23. cxd5 exd5 24. Bd3 Kf7 25. Kf2 Rxe1 26. Rxe1 Rc8 27. Re3 a4 28. bxa4 Nxa4 29. Re2 Rc3 30. Bb5 Rxa3 31. Rc2 Nc3 32. Bd3 Ra2 33. Ke3 Rxc2 34. Bxc2 Ke6 35. Bb3 Kd6 36. Kd4 Nb5+ 37. Kd3 Kc5 38. f4 Nd6 39. g4 b5 40. h4 b4 41. h5 gxh5 42. g5 h4 43. Ke3 h3 44. Kf3 Nc4 45. Bc2 Kd4 46. Bxh7 b3 47. Bb1 b2 48. Kg3 Nd2 49. Bc2 b1=Q 50. Bxb1 Nxb1 51. g6 Nd2 52. g7 Ne4+ 53. Kxh3 Nf6 54. Kh4 Ke4 55. Kg5 Ng8 56. f5 d4 57. f6 Nxf6 58. Kxf6 d3 59. g8=Q d2 60. Qg4+ Kd3 61. Qd1 Kc3 62. Kf5 1-0


[Site "https://www.chess.com"]

[Event "Titled Tuesday Blitz July 11 Late 2023"]
[White "Lutz, Igor Oscar"]
[Black "GAO"]
[WhiteFideId "2110806"]
[WhiteElo "1984"]
[BlackElo "2372"]
[Result "0-1"]
[Round "3"]
[TimeControl "180+2"]
[Date "2023.07.11"]
[WhiteClock "0:00:43"]
[BlackClock "0:01:38"]
[Board "187"]

1. d4 Nf6 2. c4 e6 3. g3 d5 4. Bg2 Bb4+ 5. Bd2 Be7 6. Nf3 O-O 7. O-O dxc4 8. Qc2 b5 9. Ne5 c6 10. Nxc6 Nxc6 11. Bxc6 Rb8 12. e3 Bb7 13. Bxb7 Rxb7 14. Nc3 a6 15. Ne4 Nxe4 16. Qxe4 Qd5 17. Qxd5 exd5 18. f3 Bf6 19. Bc3 Re8 20. a3 Rxe3 21. Kf2 Rbe7 22. Rfe1 Rxe1 23. Rxe1 Rxe1 24. Kxe1 Kf8 25. Ke2 Ke7 26. Ke3 Ke6 27. Kf4 h5 28. h3 g5+ 29. Ke3 Be7 30. f4 Kf5 31. Kf3 gxf4 32. gxf4 Bd6 33. Bd2 a5 34. Bxa5 Bxf4 35. Bc3 Bd6 36. Bd2 Be7 37. Bc3 Bf6 38. Ke3 Bg5+ 39. Kf3 Bc1 40. Kg3 Ke4 41. Kh4 f5 42. Kxh5 f4 43. Kg4 f3 44. Be1 Bxb2 45. h4 Bxd4 46. h5 f2 0-1


[Site "https://www.chess.com"]

[Event "Titled Tuesday Blitz July 11 Late 2023"]
[White "K2JW"]
[Black "Curtis, John"]
[BlackFideId "3200256"]
[WhiteElo "2367"]
[BlackElo "1982"]
[Result "1-0"]
[Round "3"]
[TimeControl "180+2"]
[Date "2023.07.11"]
[WhiteClock "0:01:01"]
[BlackClock "0:00:53"]
[Board "188"]

1. h3 Nf6 2. Nf3 h6 3. g4 d6 4. Bg2 e5 5. d4 e4 6. Nfd2 d5 7. e3 c6 8. c4 Bd6 9. Nc3 Be6 10. c5 Bc7 11. b4 b6 12. Rb1 a5 13. a3 b5 14. O-O a4 15. f3 exf3 16. Nxf3 Nbd7 17. Qc2 Qb8 18. e4 dxe4 19. Nxe4 O-O 20. Nxf6+ Nxf6 21. g5 hxg5 22. Nxg5 Rd8 23. Rxf6 gxf6 24. Qh7+ Kf8 25. Nxe6+ fxe6 26. Bh6+ Ke8 27. Bxc6+ 1-0


[Site "https://www.chess.com"]

[Event "Titled Tuesday Blitz July 11 Late 2023"]
[White "Sainz Aguirre, Ignacio"]
[Black "Fernandez Siles, Luis"]
[WhiteFideId "5101727"]
[BlackFideId "2209420"]
[WhiteElo "1980"]
[BlackElo "2363"]
[Result "0-1"]
[Round "3"]
[TimeControl "180+2"]
[Date "2023.07.11"]
[WhiteClock "0:00:00"]
[BlackClock "0:00:18"]
[Board "189"]

1. e4 c5 2. Nf3 Nc6 3. Bb5 g6 4. Bxc6 dxc6 5. d3 Bg7 6. h3 Nf6 7. O-O O-O 8. Nc3 Nd7 9. Be3 e5 10. a3 a5 11. Qd2 Re8 12. b4 axb4 13. axb4 Rxa1 14. Rxa1 cxb4 15. Ne2 c5 16. c3 bxc3 17. Nxc3 b6 18. Ra8 Qe7 19. Nd5 Qd6 20. Qb2 Qc6 21. Ra7 Nf6 22. Nxb6 Be6 23. Nd2 Rb8 24. Ra6 Qb7 25. Bxc5 Nd7 26. Nxd7 Qxb2 0-1


[Site "https://www.chess.com"]

[Event "Titled Tuesday Blitz July 11 Late 2023"]
[White "cedchass2006"]
[Black "Funderburg, John T"]
[BlackFideId "2004992"]
[WhiteElo "2357"]
[BlackElo "1970"]
[Result "1-0"]
[Round "3"]
[TimeControl "180+2"]
[Date "2023.07.11"]
[WhiteClock "0:00:50"]
[BlackClock "0:00:03"]
[Board "191"]

1. e4 e6 2. d4 d5 3. Nd2 Nc6 4. Ngf3 Nf6 5. e5 Nd7 6. Bd3 f6 7. exf6 Qxf6 8. c3 Bd6 9. O-O O-O 10. Qe2 e5 11. dxe5 Ndxe5 12. Nxe5 Nxe5 13. Bc2 Bd7 14. c4 Rae8 15. cxd5 Ng4 16. Qd3 Bxh2+ 17. Kh1 Qh6 18. Nf3 Bf4+ 19. Kg1 Bxc1 20. Raxc1 Rxf3 21. Qxh7+ Qxh7 22. Bxh7+ Kxh7 23. gxf3 Nf6 24. Rxc7 Bb5 25. Rd1 Be2 26. Rd2 Bxf3 27. d6 Ng4 28. Rc1 Re6 29. Rd3 Be4 30. d7 Bxd3 31. d8=Q Be4 32. Qh4+ Rh6 33. Qxh6+ Kxh6 34. Rc4 Bf3 35. Rf4 Kg5 36. Rf7 g6 37. Rxf3 Ne5 38. Rb3 b6 39. Kg2 Kf4 40. Rb4+ Kf5 41. Ra4 a5 42. Ra3 g5 43. Rb3 Nc4 44. a3 Ke4 45. Rg3 Kf4 46. Kh3 g4+ 47. Rxg4+ 1-0


[Site "https://www.chess.com"]

[Event "Titled Tuesday Blitz July 11 Late 2023"]
[White "Alahakoon, Isuru"]
[Black "Filgueiras, Nathan Felipe"]
[WhiteFideId "9900993"]
[BlackFideId "2188562"]
[WhiteElo "2356"]
[BlackElo "1896"]
[Result "1-0"]
[Round "3"]
[TimeControl "180+2"]
[Date "2023.07.11"]
[WhiteClock "0:00:51"]
[BlackClock "0:01:52"]
[Board "192"]

1. Nf3 Nf6 2. d4 d5 3. e3 c5 4. Bd3 Nc6 5. b3 Bg4 6. Bb2 cxd4 7. exd4 e6 8. Nbd2 Be7 9. O-O O-O 10. a3 a6 11. Qe1 b5 12. Ne5 Nxe5 13. dxe5 Nd7 14. f4 Bh5 15. Qe3 Bg6 16. Bxg6 hxg6 17. Nf3 Rc8 18. Nd4 Nc5 19. g4 Ne4 20. f5 exf5 21. gxf5 Bg5 22. Qh3 gxf5 23. Rxf5 Bh6 24. Raf1 Qb6 25. Kh1 a5 26. Rxf7 Rxf7 27. Qxc8+ Kh7 28. Rxf7 Qg6 29. Qf5 Qxf5 1-0


[Site "https://www.chess.com"]

[Event "Titled Tuesday Blitz July 11 Late 2023"]
[White "Burke, Paul"]
[Black "BenchGM"]
[WhiteFideId "2605767"]
[WhiteElo "1892"]
[BlackElo "2348"]
[Result "1-0"]
[Round "3"]
[TimeControl "180+2"]
[Date "2023.07.11"]
[WhiteClock "0:00:51"]
[BlackClock "0:00:22"]
[Board "193"]

1. e4 e6 2. d4 d5 3. e5 c5 4. Qg4 cxd4 5. Nf3 Nc6 6. Bd3 h5 7. Qg3 h4 8. Qg4 Nh6 9. Bxh6 Rxh6 10. O-O h3 11. g3 Qb6 12. b3 Bd7 13. c3 dxc3 14. Nxc3 O-O-O 15. Nb5 Kb8 16. Nd6 Bxd6 17. exd6 g6 18. Qg5 Rh5 19. Qf6 Be8 20. Rac1 Nb4 21. Rc7 Nxd3 22. Qxd8# 1-0


[Site "https://www.chess.com"]

[Event "Titled Tuesday Blitz July 11 Late 2023"]
[White "Spichkin, Alexander"]
[Black "Munoz Misselis, Nelson Carlos"]
[WhiteFideId "4144074"]
[BlackFideId "6601790"]
[WhiteElo "2347"]
[BlackElo "1758"]
[Result "1-0"]
[Round "3"]
[TimeControl "180+2"]
[Date "2023.07.11"]
[WhiteClock "0:01:41"]
[BlackClock "0:00:54"]
[Board "194"]

1. f4 d5 2. Nf3 e6 3. b3 Nf6 4. Bb2 g6 5. e3 Bg7 6. Be2 O-O 7. O-O c5 8. d3 Nc6 9. Qe1 b6 10. Qh4 Bb7 11. Qh3 Qc8 12. Nbd2 Re8 13. Ne5 Nd7 14. Nxc6 Bxc6 15. Bxg7 Kxg7 16. Nf3 h6 17. Ne5 Bb7 18. Rf2 Qd8 19. Raf1 Qe7 20. Ng4 h5 21. Ne5 Rad8 22. Bxh5 gxh5 23. Qxh5 Qf6 24. Rf3 Kf8 25. Rg3 Ke7 26. f5 Rh8 27. fxe6 Qxf1+ 28. Kxf1 Rxh5 29. Nxd7 Rxd7 30. exd7 Kxd7 31. h3 Ke7 32. Rg8 Rf5+ 33. Ke2 Kd7 34. g4 Rf6 35. h4 Rg6 36. Rb8 Kc7 37. Rf8 Rxg4 38. Rxf7+ Kb8 39. h5 Rh4 40. Rh7 a5 41. a4 Ka7 42. Kf3 Ka6 43. h6 d4+ 44. e4 Rh2 45. Kg3 Rxc2 46. Rxb7 Rc1 47. h7 Rh1 48. Rg7 Rh6 49. Kf4 1-0


[Site "https://www.chess.com"]

[Event "Titled Tuesday Blitz July 11 Late 2023"]
[White "Gyulamiryan-koryun"]
[Black "Shapiro, Daniel"]
[BlackFideId "2001780"]
[WhiteElo "1857"]
[BlackElo "2341"]
[Result "0-1"]
[Round "3"]
[TimeControl "180+2"]
[Date "2023.07.11"]
[WhiteClock "0:00:00"]
[BlackClock "0:00:07"]
[Board "195"]

1. e4 c5 2. Be2 e6 3. f4 a6 4. Nf3 b5 5. a3 Bb7 6. d3 d5 7. Nbd2 Nc6 8. O-O Nf6 9. e5 Nd7 10. c3 d4 11. c4 Nb6 12. Ne4 Be7 13. b3 O-O 14. Bb2 Rb8 15. Rc1 bxc4 16. bxc4 Ba8 17. Rb1 Na5 18. Nfd2 f5 19. Nd6 Bxd6 20. exd6 Qxd6 21. Bf3 Nc6 22. Ba1 e5 23. fxe5 Nxe5 24. Bxa8 Rxa8 25. Nf3 Ng4 26. Re1 Nd7 27. h3 Ne3 28. Rxe3 dxe3 29. d4 cxd4 30. Bxd4 Rae8 31. Qe2 Re4 32. Rd1 Qe6 33. c5 Nb8 34. Ng5 Qc6 35. Nxe4 Qxe4 36. Qf3 Qxf3 37. gxf3 f4 38. Kf1 Rd8 39. Ke2 Nc6 40. Bc3 Rxd1 41. Kxd1 g6 42. Ke2 Kf7 43. Kd3 Ke6 44. Ke4 g5 45. h4 h6 46. hxg5 hxg5 47. a4 Ne7 0-1


[Site "https://www.chess.com"]

[Event "Titled Tuesday Blitz July 11 Late 2023"]
[White "Carlsen, Magnus"]
[Black "Keymer, Vincent"]
[WhiteFideId "1503014"]
[BlackFideId "12940690"]
[WhiteElo "3285"]
[BlackElo "2926"]
[Result "1-0"]
[Round "4"]
[TimeControl "180+2"]
[Date "2023.07.11"]
[WhiteClock "0:00:04"]
[BlackClock "0:00:00"]
[Board "1"]

1. b4 Nf6 2. Bb2 e6 3. a3 d5 4. Nf3 b6 5. e3 Bb7 6. c4 Bd6 7. cxd5 exd5 8. Nc3 a6 9. Ne2 O-O 10. g3 c5 11. bxc5 bxc5 12. Bg2 Nbd7 13. O-O Rb8 14. Qc2 Re8 15. Rfe1 Bc6 16. Rab1 h6 17. Ned4 Ba8 18. Nf5 Bf8 19. h3 d4 20. exd4 Be4 21. Rxe4 Nxe4 22. Ne5 Nxe5 23. dxe5 Ng5 24. Bc3 Ne6 25. Bc6 Rxb1+ 26. Qxb1 Qb8 27. Qf1 Rd8 28. Ba5 Qxe5 29. Bxd8 Nxd8 30. Bd7 Qd5 31. Bc8 a5 32. Qe2 Nc6 33. Ne3 Qe4 34. Qc4 Nd4 35. Qd5 Qxd5 36. Nxd5 Nf3+ 37. Kf1 Nxd2+ 38. Ke2 Nb1 39. a4 c4 40. Ba6 Bb4 41. Nxb4 axb4 42. a5 b3 43. Bxc4 Nc3+ 44. Ke3 b2 45. Bd3 Nd5+ 46. Kd2 Nb4 47. Bb1 Kf8 48. Kc3 Nc6 49. a6 Ke7 50. Kxb2 Kd6 51. Be4 Na7 52. Kc3 Kc5 53. Bb7 Nb5+ 54. Kd3 Kb6 55. Ke4 f6 56. Kf5 1-0


[Site "https://www.chess.com"]

[Event "Titled Tuesday Blitz July 11 Late 2023"]
[White "Ibarra Jerez, Jose Carlos"]
[Black "Nakamura, Hikaru"]
[WhiteFideId "2226332"]
[BlackFideId "2016192"]
[WhiteElo "2923"]
[BlackElo "3242"]
[Result "0-1"]
[Round "4"]
[TimeControl "180+2"]
[Date "2023.07.11"]
[WhiteClock "0:00:00"]
[BlackClock "0:00:14"]
[Board "2"]

1. e4 a6 2. d4 e6 3. c4 d5 4. Nc3 dxc4 5. Bxc4 b5 6. Bb3 c5 7. Nf3 Bb7 8. O-O Nf6 9. d5 c4 10. Bc2 Bc5 11. Bg5 Qb6 12. a4 Nbd7 13. axb5 axb5 14. Rxa8+ Bxa8 15. dxe6 fxe6 16. Bxf6 gxf6 17. Qd2 h5 18. Rd1 Bc6 19. Qe2 Kf7 20. e5 Bxf3 21. Rxd7+ Ke8 22. Qd2 Rg8 23. g3 Bxf2+ 24. Qxf2 Qxf2+ 25. Kxf2 Kxd7 26. Kxf3 fxe5 27. Nxb5 Rb8 28. Ba4 Kc6 29. Ke4 Kc5 30. Kxe5 Rf8 31. Nd4 Rf2 32. Bc2 Rxh2 33. Nxe6+ Kb4 34. Nd4 Rg2 35. Kf4 Kc5 36. Ne6+ Kd6 37. Nd4 Rd2 38. Ke3 Rh2 39. Ke4 Kc5 40. Ne6+ Kb4 41. Nd4 Rh3 42. Kf4 Rh1 43. Be4 Rd1 44. Nc6+ Kc5 45. Ne5 Rd2 46. Bf3 Rxb2 47. Nxc4 Kxc4 48. Bxh5 Kd4 49. Bg6 Rf2+ 50. Kg5 Ke5 51. g4 Rf8 52. Bf5 Rg8+ 53. Kh4 Kf4 54. Kh3 Kf3 55. Kh4 Ke3 56. Kh5 Kd4 57. g5 Ke5 58. Bh7 Rb8 59. Kg4 Rb4+ 60. Kf3 Rh4 61. Bd3 Rh3+ 62. Ke2 Kd4 63. Bf5 Re3+ 64. Kd2 Re5 65. Bh7 Rxg5 66. Kc1 Rg2 67. Kb1 Kc3 68. Ka1 Rb2 69. Bb1 Kb3 70. Be4 Rd2 71. Bb1 Ka3 72. Bf5 Rd6 73. Bb1 Kb3 74. Bf5 Ra6+ 75. Kb1 Rf6 76. Bc2+ Kc3 77. Be4 Rf4 78. Bf5 Rxf5 0-1


[Site "https://www.chess.com"]

[Event "Titled Tuesday Blitz July 11 Late 2023"]
[White "Antipov, Mikhail Al."]
[Black "Nepomniachtchi, Ian"]
[WhiteFideId "4107012"]
[BlackFideId "4168119"]
[WhiteElo "2891"]
[BlackElo "3116"]
[Result "1-0"]
[Round "4"]
[TimeControl "180+2"]
[Date "2023.07.11"]
[WhiteClock "0:00:06"]
[BlackClock "0:00:30"]
[Board "3"]

1. e4 g6 2. d4 Bg7 3. Nf3 d6 4. Be3 a6 5. c4 Nc6 6. h3 e5 7. d5 Nce7 8. Nc3 f5 9. Ng5 Nf6 10. f3 O-O 11. Be2 Nh5 12. Qd2 Nf4 13. Rg1 h6 14. Ne6 Bxe6 15. dxe6 Nxe6 16. Bxh6 Bxh6 17. Qxh6 f4 18. g3 Kf7 19. Qh7+ Ng7 20. Qh4 Rh8 21. Qg4 Nh5 22. c5 Qc8 23. Bc4+ Kf6 24. gxf4 Qxg4 25. fxe5+ dxe5 26. hxg4 Nf4 27. g5+ Kg7 28. O-O-O Rad8 29. Nd5 Nc6 30. Nxc7 Nd4 31. Nd5 Nde2+ 32. Kc2 Nxg1 33. Rxg1 Rc8 34. b4 a5 35. a3 axb4 36. axb4 Ne6 37. Ra1 Ra8 38. Rxa8 Rxa8 39. Kb2 Nd4 40. f4 Re8 41. Kc3 Ne6 42. Nf6 Re7 43. Bxe6 Rxe6 44. f5 Ra6 45. b5 Ra4 46. c6 bxc6 47. b6 Ra5 48. Kc4 Rb5 49. Nd7 Kf7 50. b7 Rxb7 51. Nxe5+ Kg7 52. Nxg6 Rb1 53. e5 Rf1 54. Ne7 Rc1+ 55. Kd4 Kf7 56. f6 Ke6 57. g6 Rd1+ 58. Kc5 Rg1 59. g7 Kxe5 60. f7 Rxg7 61. f8=Q Rg5 62. Nxc6+ Ke4+ 63. Kb6 Rd5 64. Qb4+ Kf3 65. Qe1 Rg5 66. Nd4+ Kf4 67. Ne6+ 1-0


[Site "https://www.chess.com"]

[Event "Titled Tuesday Blitz July 11 Late 2023"]
[White "Zhigalko, Sergei"]
[Black "Firouzja, Alireza"]
[WhiteFideId "13502956"]
[BlackFideId "12573981"]
[WhiteElo "2882"]
[BlackElo "3089"]
[Result "1/2-1/2"]
[Round "4"]
[TimeControl "180+2"]
[Date "2023.07.11"]
[WhiteClock "0:00:05"]
[BlackClock "0:00:05"]
[Board "4"]

1. e4 c5 2. Nf3 d6 3. d4 cxd4 4. Qxd4 Nc6 5. Bb5 a6 6. Bxc6+ bxc6 7. c4 e5 8. Qd3 Qc7 9. O-O Ne7 10. c5 Ng6 11. cxd6 Bxd6 12. Rd1 Be7 13. Be3 O-O 14. Nbd2 Be6 15. Rac1 Qb7 16. b3 a5 17. Qc2 Rfc8 18. Nc4 Bxc4 19. Qxc4 h6 20. g3 a4 21. bxa4 Qa6 22. Bc5 Bxc5 23. Qxc5 Qxa4 24. Qc4 Qxa2 25. h4 h5 26. Rd6 Qxc4 27. Rxc4 Ra6 28. Rb4 f6 29. Rb7 Nf8 30. Nd2 Ra4 31. Kg2 c5 32. Kf3 c4 33. Nf1 c3 34. Rd1 Ne6 35. Ne3 Nd4+ 36. Kg2 Ra2 37. Nf5 Nxf5 38. exf5 e4 39. Rdd7 c2 40. Rxg7+ Kf8 41. Rgf7+ Kg8 42. Rg7+ Kf8 43. Rgf7+ Kg8 44. Rg7+ 1/2-1/2


[Site "https://www.chess.com"]

[Event "Titled Tuesday Blitz July 11 Late 2023"]
[White "Hong, Andrew"]
[Black "Dardha, Daniel"]
[WhiteFideId "2099438"]
[BlackFideId "240990"]
[WhiteElo "3086"]
[BlackElo "2870"]
[Result "1/2-1/2"]
[Round "4"]
[TimeControl "180+2"]
[Date "2023.07.11"]
[WhiteClock "0:00:12"]
[BlackClock "0:00:11"]
[Board "5"]

1. d4 Nf6 2. c4 e6 3. Nf3 d5 4. g3 Bb4+ 5. Nbd2 dxc4 6. Bg2 b5 7. Ne5 Nd5 8. Qc2 O-O 9. O-O Bb7 10. b3 Bc3 11. Rb1 Bxd4 12. bxc4 Bxe5 13. cxd5 Bxd5 14. Rxb5 a6 15. Rb1 Bxg2 16. Kxg2 Nd7 17. Nf3 Bd6 18. Ng5 Nf6 19. Bb2 e5 20. f4 Re8 21. Rbd1 Qe7 22. Rxd6 cxd6 23. fxe5 Rac8 24. Qb1 Qb7+ 25. Kg1 Qb6+ 26. Kh1 Qb7+ 27. Kg1 h6 28. Nxf7 Qxf7 29. exf6 Rxe2 30. fxg7 Qe6 31. Bd4 Qxa2 32. Rf8+ Rxf8 33. gxf8=Q+ Kxf8 34. Qf5+ Qf7 35. Qc8+ Re8 36. Qxa6 Re1+ 37. Kg2 Qd5+ 38. Kf2 Re7 39. Qd3 Qf7+ 40. Kg2 Qd5+ 41. Kg1 Qe6 42. Qf3+ Ke8 43. Qa8+ Kf7 44. Qf3+ Kg6 45. h4 Qe1+ 46. Kg2 Qe2+ 47. Qxe2 Rxe2+ 48. Kf3 Rd2 49. Be3 Rd3 50. g4 d5 51. h5+ Kg7 52. Kf4 Rd1 53. Ke5 Re1 54. Kd4 Rxe3 55. Kxe3 Kf6 56. Kf4 Ke6 57. g5 hxg5+ 58. Kxg5 d4 59. Kf4 d3 60. Ke3 Kf5 61. Kxd3 Kg5 62. Ke3 Kh6 63. Kf4 Kh7 64. Kg5 Kh8 65. h6 Kg8 66. Kf6 Kh8 67. Kf5 Kh7 68. Kg5 Kh8 69. Kh5 Kh7 70. Kg4 Kh8 71. Kg5 Kh7 72. Kh5 Kh8 73. Kg6 Kg8 74. h7+ Kh8 75. Kh6 1/2-1/2


[Site "https://www.chess.com"]

[Event "Titled Tuesday Blitz July 11 Late 2023"]
[White "Moroni, Luca Jr"]
[Black "Fedoseev, Vladimir"]
[WhiteFideId "865834"]
[BlackFideId "24130737"]
[WhiteElo "2846"]
[BlackElo "3076"]
[Result "0-1"]
[Round "4"]
[TimeControl "180+2"]
[Date "2023.07.11"]
[WhiteClock "0:00:06"]
[BlackClock "0:00:29"]
[Board "6"]

1. c4 g6 2. g3 e5 3. Bg2 Nc6 4. Nc3 d6 5. e3 Be6 6. b3 Bg7 7. Nge2 Qd7 8. d4 Bh3 9. Bxh3 Qxh3 10. d5 Nce7 11. Ng1 Qd7 12. Nge2 f5 13. e4 Nf6 14. Bg5 O-O 15. Bxf6 Rxf6 16. Qd3 Bh6 17. f3 Raf8 18. O-O c6 19. dxc6 bxc6 20. Rad1 Rd8 21. Kg2 Kh8 22. f4 exf4 23. Nxf4 Bxf4 24. Rxf4 Re6 25. c5 d5 26. exd5 cxd5 27. Rd4 Re5 28. b4 Qe6 29. b5 Re3 30. Qd2 g5 31. Rd3 f4 32. c6 Nf5 33. Rxd5 Rxd5 34. Qxd5 Re2+ 35. Kg1 Re1+ 36. Kf2 fxg3+ 37. Kf3 Qe3+ 38. Kg4 Qf4+ 39. Kh3 g4+ 40. Kg2 Ne3# 0-1


[Site "https://www.chess.com"]

[Event "Titled Tuesday Blitz July 11 Late 2023"]
[White "Kravtsiv, Martyn"]
[Black "Duda, Jan-Krzysztof"]
[WhiteFideId "14113147"]
[BlackFideId "1170546"]
[WhiteElo "2821"]
[BlackElo "3060"]
[Result "1-0"]
[Round "4"]
[TimeControl "180+2"]
[Date "2023.07.11"]
[WhiteClock "0:00:47"]
[BlackClock "0:00:06"]
[Board "7"]

1. e4 c5 2. Nf3 d6 3. Bb5+ Bd7 4. Bxd7+ Nxd7 5. O-O Ngf6 6. Qe2 e6 7. d4 cxd4 8. Nxd4 Nc5 9. Nd2 d5 10. e5 Nfd7 11. c3 Qc7 12. f4 Be7 13. Rf3 O-O 14. Rh3 g6 15. Qe3 a6 16. a4 b5 17. a5 Rfc8 18. b3 Qd8 19. Bb2 Nf8 20. Kh1 Rab8 21. Nc2 h5 22. Rf3 Nb7 23. b4 Qd7 24. h3 h4 25. Nd4 Nd8 26. N2b3 Nc6 27. Rg1 Nxd4 28. Nxd4 Rc4 29. g4 hxg3 30. Rfxg3 Rbc8 31. Qd3 Kh7 32. h4 Rxd4 33. cxd4 Bxb4 34. h5 Bxa5 35. hxg6+ fxg6 36. Rxg6 Nxg6 37. Qxg6+ Kh8 38. Qf6+ Kh7 39. Qh4# 1-0


[Site "https://www.chess.com"]